 Dungeon Crawl Stone Soup version 0.31-a0-1042-ga9834b393d (webtiles) character file.

Game seed: 16546419641539423752

243 Ge0ff the Chiller (level 5, -1/33 HPs)
             Began as a Felid Reaver on Nov 20, 2023.
             Killed by divine providence
             ... invoked by an orc priest
              (13 damage)
             ... on level 5 of the Dungeon.
             The game lasted 00:11:49 (4697 turns).

Ge0ff the Chiller (Felid Reaver)                    Turns: 4697, Time: 00:11:49

Health: -1/33      AC: 22    Str:  8    XL:     5   Next: 82%
Magic:  8/10       EV:  4    Int: 14    God:
Gold:   289        SH:  0    Dex: 17    Spells: 5/10 levels left
                                        Lives:  0   Deaths: 2

rFire   + .          .
                       - Unarmed
rCold   . . .        (shield unavailable)
rNeg    . . .        (body armour unavailable)
rPois   +            (helmet unavailable)
rElec   .            (cloak unavailable)
rCorr   .            (gloves unavailable)
SInv    +            (boots unavailable)
Will    .....        (no amulet)
Stlth   ++           V - ring "Qielut" {Drain Fly rF+ Slay+3}
HPRegen 0.25/turn    (no ring)
MPRegen 0.12/turn

%: no passive effects
@: tree-form, freezing walls
A: stationary, stasis, torment immunity, boosted hp, very small, (claws 1),
(fangs 3), see invisible, (speed 1), (shaggy fur 1), (stealthy paws), no weapons
or thrown items, no armour, multi-lived
a: no special abilities


You were on level 5 of the Dungeon.
You were a tree.
You visited 1 branch of the dungeon, and saw 5 of its levels.

You collected 289 gold pieces.

Inventory:

Jewellery
 V - the ring "Qielut" (left branch) {Drain Fly rF+ Slay+3}
   (You found it on level 4 of the Dungeon)

   [ring of flight]

   Slay+3:    It affects your accuracy & damage with ranged weapons and melee
   (+3).
   rF+:       It protects you from fire.
   Fly:       It grants you flight.
   Drain:     It drains your maximum health when unequipped.
Wands
 f - a wand of flame (7)
 p - a wand of paralysis (6)
Scrolls
 c - 2 scrolls of amnesia
 g - a scroll of fog {unknown}
 s - 2 scrolls of noise {unknown}
 t - 3 scrolls of immolation {unknown}
 U - 2 scrolls of blinking {unknown}
 Y - a scroll of enchant armour {unknown}
Potions
 H - a potion of haste {!q}
 M - a potion of might
 X - a potion of enlightenment
 Z - a potion of curing {unknown}


   Skills:
 - Level 2.0 Fighting
 - Level 3.0 Dodging
 - Level 3.0 Stealth
 - Level 3.0 Unarmed Combat
 - Level 3.0 Spellcasting
 - Level 2.6 Conjurations
 + Level 4.1 Ice Magic


You had 5 spell levels left.
You knew the following spells:

 Your Spells              Type           Power      Damage    Failure   Level
k - Freeze                Ice            52%        1d6       4%          1
s - Frozen Ramparts       Ice            26%        1d4       12%         3
E - Kiss of Death         Conj/Necr      20%        2d7       12%         1

Your spell library contained the following spells:

 Spells                   Type           Power      Damage    Failure   Level
 Hailstorm                Conj/Ice       11%        3d5       16%         3
 Momentum Strike          Conj/Tloc      10%        3d8       19%         2
 Sting                    Tmut/Pois      8%         1d3       22%         1
 Summon Small Mammal      Summ           8%         N/A       22%         1
 Poisonous Vapours        Pois/Air       4%         N/A       32%         2
 Wereblood                Tmut           2%         N/A       32%         2
 Call Canine Familiar     Summ           2%         N/A       54%         3
 Summon Guardian Golem    Hex/Summ       2%         N/A       54%         3
 Olgreb's Toxic Radiance  Pois           2%         N/A       91%         4
 Irradiate                Conj/Tmut      2%         3d12      98%         5


Dungeon Overview and Level Annotations

Branches:
Dungeon (5/15) Zot: 26969
 Temple: D:4-7

Altars:

Shops:
D:1 =

Annotations:
D:5 Gruesome's ghost, novice OpSu


Innate Abilities, Weirdness & Mutations

You are a tree.
Your roots penetrate the ground, keeping you stationary.
You cannot be teleported.
You are immune to unholy pain and torment.
Your maximum health is greatly increased.
((You have sharp claws.))
((You have razor-sharp teeth.))
You have supernaturally acute eyesight. (SInv)
((You cover ground quickly. (Speed+)))
((You are covered in fur. (AC +1)))
((Your paws help you pounce on unaware monsters.))
You are incapable of wielding weapons or throwing items.
You cannot wear armour.
You gain extra lives every three experience levels.


Message History

You are lethally poisoned!
The water moccasin poisons you!
It was a potion of haste.
You feel yourself speed up.
H - a potion of haste You feel very sick.
The wall freezes the water moccasin.
The water moccasin closely misses you.
The wall freezes the water moccasin.
The water moccasin bites you.
* * * LOW HITPOINT WARNING * * *
It was a potion of ambrosia.
You are confused.
You feel invigorated.
* * * LOW HITPOINT WARNING * * *
You feel sick.
The wall freezes the water moccasin.
The water moccasin bites you!
You die...
You are more poisoned.
The water moccasin poisons you!
You rejoin the land of the living...
Found a long glass wand and 21 gold pieces.
f - a wand of flame (7);
W - a fizzy white potion You now have 278 gold pieces (gained 10).
You now have 289 gold pieces (gained 11).
An orc comes into view. It is wielding a +0 hand axe.
The orc shouts!
You hear a shout!
An orc priest and an orc come into view.
The orc shouts!
The orc priest shouts!
The orc moves out of view.
You hear a shout! x2
Casting: Frozen Ramparts (quite dangerous; 12% risk of failure)
Confirm with . or Enter, or press ? or * to list all spells.
Casting: Frozen Ramparts (quite dangerous; 12% risk of failure)
Press: ? - help, Dir - look around, f - activate The walls around you are covered in ice.
The wall freezes the orc.
The orc misses you.
You scratch the orc.
The orc is severely wounded.
The wall freezes the orc.
You kill the orc!
The wall freezes the orc priest.
The orc priest mumbles some strange prayers to Beogh against you.
Beogh smites you!
Ouch! That really hurt!
It was a potion of lignification.
You turn into a tree.
Your roots penetrate the ground.
The wall freezes the orc priest.
You hit the orc priest.
The orc priest is almost dead.
The wall freezes the orc priest.
The orc priest mumbles some strange prayers to Beogh against you.
Beogh smites you!
You die...

#.................##..
..................# .
.........##........#
.........###........
....#....##.........
.....##............
..... ##.#.........
....# #.##....#### ..#
#♣#....## #o....##
.....o.........
#....#......##..
##.#.#......... .. .
.......... #
##.#...####### .##...#
.. .W ....# ..


You could see an orc priest and an orc.

Vanquished Creatures
  A hound (D:4)
  Natasha (thrice) (D:4)
  3 adders
  4 worms
  7 dart slugs
  3 orcs
  4 ball pythons
  6 bats
  8 endoplasms
  3 giant cockroaches
  5 goblins
  9 hobgoblins
  12 kobolds
  6 quokkas
  4 frilled lizards
  2 rats
80 creatures vanquished.

Notes
Turn   | Place    | Note
-------+----------+-------------------------------------------
     0 | D:1      | Ge0ff the Felid Reaver began the quest for the Orb.
     0 | D:1      | Reached XP level 1. HP: 9/9 MP: 4/4
   112 | D:1      | Reached skill level 1 in Stealth
   125 | D:1      | Frozen to death by an endoplasm
   138 | D:1      | Found Detip's One-of-a-Kind Rings.
   274 | D:1      | Reached XP level 2. HP: 13/13 MP: 6/6
   317 | D:1      | Learned a level 1 spell: Freeze
   616 | D:1      | Reached skill level 1 in Ice Magic
   627 | D:1      | Found a faded altar of an unknown god.
   809 | D:1      | Reached XP level 3. HP: 16/16 MP: 7/7
  1099 | D:2      | Learned a level 3 spell: Frozen Ramparts
  1721 | D:2      | Reached skill level 2 in Ice Magic
  2665 | D:3      | Reached XP level 4. HP: 19/19 MP: 8/8
  3526 | D:4      | Identified the ring "Qielut" {Drain Fly rF+ Slay+3}
  3736 | D:4      | Reached skill level 3 in Ice Magic
  3848 | D:4      | Reached XP level 5. HP: 22/22 MP: 9/9
  4176 | D:4      | Noticed Natasha
  4184 | D:4      | Killed Natasha
  4361 | D:4      | Noticed Natasha
  4373 | D:4      | Killed Natasha
  4493 | D:4      | Noticed Natasha
  4503 | D:4      | Killed Natasha
  4504 | D:4      | Reached skill level 4 in Ice Magic
  4642 | D:5      | Entered Level 5 of the Dungeon
  4648 | D:5      | Noticed a water moccasin
  4660 | D:5      | Slain by a water moccasin
  4690 | D:5      | Noticed Gruesome's ghost (novice OpSu)
  4697 | D:5      | Killed from afar by an orc priest

Illustrated notes

Levels and vault maps discovered:
D:1:      nagdon_arrival_zigzag_paths, layout_basic,
          ebering_ecumenical_altar_sacrificial, nicolae_shop_unique_rings,
          minmay_tiny_reverse_x
D:2:      layout_basic, minmay_door_square, nicolae_twisty_statue_hallways
D:3:      layout_basic, serial_bayou_ford_a
D:4:      kennysheep_slugbush, layout_loops_corners,
          kennysheep_decorative_pillar, uniq_natasha
D:5:      layout_cave_pools, gammafunk_ghost_mausoleum, grunt_ministairs_10,
          uniq_grinder

Skill      XL: |  1  2  3  4  5 |
---------------+----------------+-----
Stealth        | 2 3 |  3.0
Ice Magic      | 1 2 3 4 |  4.1
Dodging        | 3 |  3.0
Spellcasting   | 3 |  3.0
Fighting       | |  2.0
Unarmed Combat | |  3.0
Conjurations   | |  2.6

Action                     |  1- 3 |  4- 6 || total
---------------------------+-------+-------++-------
  Melee: Unarmed           |    76 |    53 ||   129
         Bite              |     5 |     3 ||     8
         Punch             |       |     1 ||     1
   Cast: Kiss of Death     |     1 |       ||     1
         Freeze            |    40 |    14 ||    54
         Frozen Ramparts   |     4 |     5 ||     9
    Use: Scroll            |     3 |     2 ||     5
         Potion            |       |     3 ||     3
   Stab: Sleeping          |    14 |     9 ||    23
 Armour: Skin              |    25 |    19 ||    44
  Dodge: Dodged            |    63 |    42 ||   105

Table legend: (Time is in decaauts)
 A = Elapsed time spent in this place.
 B = Non-inter-level travel time spent in this place.
 C = Inter-level travel time spent in this place.
 D = Time resting spent in this place.
 E = Time spent auto-exploring this place.
 F = Levels seen in this place.
 G = Mean time per level.
                   A        B        C        D        E       F      G
               +--------+--------+--------+--------+--------+-----+--------+
         Total |   4032 |   3878 |    154 |    397 |   2530 |   5 |  806.4 |
       Dungeon |   4032 |   3878 |    154 |    397 |   2530 |   5 |  806.4 |
               +--------+--------+--------+--------+--------+-----+--------+

Top non-repeatable levels by time:
     D:3: 1156 daAuts
     D:2: 1020 daAuts
     D:1: 962 daAuts
     D:4: 846 daAuts
     D:5: 46 daAuts
